 Dungeon Crawl Stone Soup version 0.20-a0-450-g4cf9236 (webtiles) character file.

4711 FitzyFitz the Carver (level 10, -3/74 HPs)
             Began as a High Elf Warper on Dec 20, 2016.
             Was a Priest of Ieoh Jian.
             Slain by a slime creature (10 damage)
             ... on level 9 of the Dungeon.
             The game lasted 00:32:50 (9597 turns).

FitzyFitz the Carver (High Elf Warper)              Turns: 9597, Time: 00:32:51

Health: -3/74      AC:  8    Str: 10    XL:     10   Next: 22%
Magic:  14/14      EV: 18    Int: 20    God:    Ieoh Jian [***...]
Gold:   391        SH:  0    Dex: 16    Spells: 6/13 levels left

rFire  + . .     SeeInvis .     a - +3 great sword
rCold  + . .     Gourm    .     j - +1 robe {MR+}
rNeg   . . .     Faith    .     (shield currently unavailable)
rPois  .         Spirit   .     (no helmet)
rElec  .         Reflect  .     s - +0 cloak
rCorr  .         Harm     .     v - +2 pair of gloves
MR     ++...                    n - +0 pair of boots
Stlth  +.........               (no amulet)
                                p - ring of protection from cold
                                t - ring of protection from fire

@: exhausted, being watched over by the Council, slowed, very slow
A: no striking features
a: Recall Weapon, Renounce Religion, Steal And Renounce


You were on level 9 of the Dungeon.
You worshipped Ieoh Jian.
Ieoh Jian was most pleased with you.
You were not hungry.

You visited 2 branches of the dungeon, and saw 10 of its levels.
You also visited: Sewer.

You collected 391 gold pieces.

Inventory:

Hand Weapons
 a - a +3 great sword (weapon)
 b - a +0 shortbow
 D - a +2 falchion
 F - a +0 hunting sling
 J - a +1 dagger of venom
 N - a +2 hand crossbow of flaming
Missiles
 e - 4 tomahawks of dispersal (quivered)
 k - 124 arrows
 r - 355 stones
 M - a throwing net
Armour
 j - a +1 robe of magic resistance (worn)
 n - a +0 pair of boots (worn)
 s - a +0 cloak (worn)
 v - a +2 pair of gloves (worn)
Jewellery
 p - a ring of protection from cold (right hand)
 t - a ring of protection from fire (left hand)
 z - an uncursed ring of resist corrosion
Wands
 i - a wand of hasting (0/9)
 o - a wand of disintegration (3/24)
 O - a wand of lightning (3/15)
 P - a wand of random effects (27/48)
Scrolls
 d - 4 scrolls of blinking
 g - a scroll of remove curse
 l - 4 scrolls of teleportation
 m - 2 scrolls of immolation
 u - 4 scrolls of enchant armour
 y - a scroll of fog {unknown}
 A - a scroll of noise {unknown}
 C - a scroll of recharging
Potions
 q - 2 potions of heal wounds
 w - a potion of brilliance
 x - 2 potions of magic
 G - 2 potions of berserk rage
 H - a potion of curing
 K - 2 potions of haste
 L - a potion of agility {unknown}
 S - a potion of degeneration {unknown}
Books
 c - a book of Spatial Translocations

   Spells                             Type                      Level
   a - Blink                          Translocation                2
   b - Shroud of Golubria             Charms/Translocation         2
   c - Lesser Beckoning               Translocation                3
   d - Portal Projectile              Translocation                3
   e - Teleport Other                 Translocation                3
   f - Passage of Golubria            Translocation                4
 E - a book of Geomancy

   Spells                             Type                      Level
   a - Sandblast                      Earth                        1
   b - Passwall                       Transmutation/Earth          2
   c - Stone Arrow                    Conjuration/Earth            3
   d - Petrify                        Transmutation/Earth          4
   e - Lee's Rapid Deconstruction     Earth                        5
 I - a book of Changes

   Spells                             Type                      Level
   a - Beastly Appendage              Transmutation                1
   b - Sticks to Snakes               Transmutation                2
   c - Spider Form                    Transmutation/Poison         3
   d - Ice Form                       Ice/Transmutation            4
   e - Blade Hands                    Transmutation                5
 R - Sif Muna's Guide on Dark Rituals
   (You found it on level 8 of the Dungeon)

   Spells                             Type                      Level
   a - Animate Skeleton               Necromancy                   1
Comestibles
 f - 6 bread rations
 h - a meat ration
 B - 8 beef jerkies
 Q - 2 slices of pizza
 T - 3 chunks of flesh


   Skills:
 - Level 9.0 Fighting
 + Level 12.1 Long Blades
 - Level 1.0 Throwing
 - Level 0.8 Armour
 + Level 8.2 Dodging
 - Level 2.4 Spellcasting
 + Level 7.7 Translocations


You had 6 spell levels left.
You knew the following spells:

 Your Spells              Type           Power        Failure   Level  Hunger
a - Blink                 Tloc           N/A          1%          2    ##.....
b - Shroud of Golubria    Chrm/Tloc      ###.......   6%          2    ##.....
c - Lesser Beckoning      Tloc           ####......   1%          3    ###....


Dungeon Overview and Level Annotations

Branches:
Dungeon (9/15)             Temple (1/1) D:4
   Lair: D:8-11         Orc: D:9-12

Altars:
Ashenzari
Cheibriados
Elyvilon
Hepliaklqana Ieoh Jian
Kikubaaqudgha
Makhleb
Sif Muna
Vehumet
Zin
The Shining One

Shops:
D:7 (

Annotations:
D:4 FitzyFitz's ghost, amateur HEWr


Message History

The slime creature is moderately wounded.
You slice the slime creature!!
The slime creature is almost dead.
The slime creature hits you. The slime creature closely misses you.
The slime creature hits you!
* * * LOW HITPOINT WARNING * * *
The slime creature barely misses you.
You barely miss the slime creature.
The slime creature is almost dead.
The slime creature barely misses you. The slime creature hits you!
* * * LOW HITPOINT WARNING * * *
The slime creature barely misses you.
You riposte.
You slash the slime creature!
The slime creature is almost dead.
You slash the slime creature!
You kill the slime creature!
Sifu Cen Wei accepts your kill.
The slime creature completely misses you.
The slime creature hits you!
You die...

###'###### #..# #.## #.#
##+######### ###'######
...........####........#
........$..##.'........+
....$..J{{.##.#........#
........@..#{.#........#
........{..'.##........#
...........####........#
#+########## ##+#######


You could see a slime creature and 3 friendly +3 hand axes of chopping.

Vanquished Creatures
  3 slime creatures (D:9)
  A hippogriff (D:7)
  Sigmund (D:6)
  4 yaks (D:6)
  Eustachio (D:6)
  A black bear (D:7)
  A sky beast (D:6)
  8 ogres
  6 phantoms
  A necrophage (D:4)
  A centaur (D:6)
  Blork the orc (D:6)
  2 bullfrogs
  A howler monkey (D:6)
  2 crimson imps (D:6)
  2 centaur zombies
  An orc priest (D:8)
  A hound (D:5)
  6 orc wizards
  A bullfrog skeleton (D:7)
  2 centaur skeletons
  Crazy Yiuf (D:4)
  An iguana (D:5)
  10 worker ants
  A hound skeleton (D:5)
  4 gnolls (D:5)
  17 adders
  5 river rats
  4 shadow imps
  5 worms
  2 dart slugs (D:2)
  6 leopard geckos
  14 orcs
  5 ball pythons
  5 giant cockroaches
  10 goblins
  7 hobgoblins
  13 jackals
  2 quokkas
  A ball python zombie (D:6)
  10 bats
  16 frilled lizards
  A giant cockroach zombie (D:7)
  5 kobolds
  2 leopard gecko skeletons
  12 rats
206 creatures vanquished.

Vanquished Creatures (others)
  10 flying weapons
10 creatures vanquished.

Grand Total: 216 creatures vanquished

Notes
Turn   | Place    | Note
-------+----------+-------------------------------------------
     0 | D:1      | FitzyFitz the High Elf Warper began the quest for the Orb.
     0 | D:1      | Reached XP level 1. HP: 14/14 MP: 4/4
   541 | D:1      | Reached XP level 2. HP: 20/20 MP: 6/6
   966 | D:2      | Learned a level 2 spell: Blink
   969 | D:2      | Learned a level 2 spell: Shroud of Golubria
  1288 | D:2      | Reached XP level 3. HP: 13/26 MP: 5/7
  2345 | D:2      | Reached XP level 4. HP: 31/31 MP: 6/8
  2405 | D:2      | Learned a level 3 spell: Lesser Beckoning
  3302 | D:3      | Found an ornate altar of the Ieoh Jian Council.
  3305 | D:3      | Found a glowing golden altar of the Shining One.
  3308 | D:3      | Found a white marble altar of Elyvilon.
  3391 | D:4      | Noticed a phantom
  3457 | D:4      | Noticed FitzyFitz's ghost (amateur HEWr)
  3510 | D:4      | Reached skill level 9 in Long Blades
  3510 | D:4      | Reached XP level 5. HP: 20/46 MP: 9/9
  3529 | D:4      | Killed a phantom
  3529 | D:4      | Reached XP level 6. HP: 38/52 MP: 10/10
  3943 | D:3      | Became a worshipper of The Ieoh Jian Council
  4065 | D:4      | Found a runed door.
  4071 | D:4      | Noticed Crazy Yiuf
  4083 | D:4      | Killed Crazy Yiuf
  4288 | D:4      | Found a glowing silver altar of Zin.
  4548 | D:4      | Found a staircase to the Ecumenical Temple.
  4561 | Temple   | Entered the Ecumenical Temple
  4620 | D:5      | Entered Level 5 of the Dungeon
  4633 | D:5      | Reached XP level 7. HP: 57/57 MP: 11/11
  4765 | D:4      | Reached skill level 10 in Long Blades
  4869 | D:5      | Found a snail-covered altar of Cheibriados.
  4895 | D:5      | Found an ancient bone altar of Kikubaaqudgha.
  4909 | D:5      | Reached skill level 5 in Dodging
  4917 | D:5      | Found a glowing drain.
  4931 | Sewer    | Entered a sewer
  5001 | Sewer    | Reached * piety under Ieoh Jian
  5253 | D:5      | Found a burning altar of Makhleb.
  5310 | D:5      | Reached XP level 8. HP: 57/63 MP: 12/12
  5720 | D:5      | Reached ** piety under Ieoh Jian
  5738 | D:5      | Found a shattered altar of Ashenzari.
  6069 | D:6      | Noticed Sigmund
  6107 | D:6      | Found a radiant altar of Vehumet.
  6145 | D:6      | Killed Sigmund
  6145 | D:6      | Reached skill level 5 in Translocations
  6268 | D:6      | Found a shattered altar of Ashenzari.
  6281 | D:6      | Noticed Eustachio
  6351 | D:6      | Noticed Blork the orc
  6366 | D:6      | Killed Blork the orc
  6409 | D:6      | Killed Eustachio
  6497 | D:6      | Reached skill level 11 in Long Blades
  6513 | D:6      | Reached XP level 9. HP: 41/68 MP: 13/13
  7766 | D:7      | Reached *** piety under Ieoh Jian
  7887 | D:7      | Found Zatota's Antique Weapon Boutique.
  8138 | D:7      | Found a hazy altar of Hepliaklqana.
  8655 | D:8      | Found a deep blue altar of Sif Muna.
  8667 | D:8      | Reached XP level 10. HP: 70/74 MP: 14/14
  8679 | D:8      | Identified Sif Muna's Guide on Dark Rituals
  9587 | D:9      | Reached skill level 12 in Long Blades
  9597 | D:9      | Slain by a slime creature

Vault maps used:
D:1:      matt_arrival_diagonals
D:3:      nicolae_overflow_hidden_temple
D:4:      lemuel_round_altar, first_bread, uniq_robin, uniq_crazy_yiuf_cottage
D:5:      chequers_temple_overflow_statue_of_worship, makhleb_heckhound_becter,
          nicolae_overflow_crystal_walls, portal_sewer_entry_a,
          minmay_misc_feat_more_columns, minmay_bent
D:6:      kennysheep_six_static_rooms, marbit_many_paths, ashenzari_altar_1,
          uniq_blork_the_orc, uniq_sigmund, uniq_eustachio
D:7:      kennysheep_mini_moat, serial_shops, nicolae_shop_behind_doors,
          grunt_ogre_cave, kennysheep_dice
D:8:      led_sif_book
D:9:      lair_entry_dummy, orc_0_dummy, minmay_misc_feat_rows
Temple:   minmay_temple_bridge_abc
Sewer:    sewer_co_cracked_pipes

Skill      XL: |  1  2  3  4  5  6  7  8  9 10 |
---------------+-------------------------------+-----
Fighting       | 3 9 |  9.0
Dodging        | 3 4 5 6 7 8 |  8.2
Long Blades    | 9 10 11 12 | 12.1
Translocations | 4 5 7 |  7.7
Throwing       | |  1.0
Armour         | |  0.8
Spellcasting   | |  2.4

Action                   |  1- 3 |  4- 6 |  7- 9 | 10-12 || total
-------------------------+-------+-------+-------+-------++-------
Melee: Falchion          |   119 |   172 |   328 |       ||   619
       Punch             |       |     1 |    23 |       ||    24
       Spear             |       |       |     8 |       ||     8
       Quarterstaff      |       |       |    11 |       ||    11
       Dagger            |       |       |     3 |       ||     3
       Hand axe          |       |       |    30 |       ||    30
       Halberd           |       |       |     5 |       ||     5
       Long sword        |       |       |   195 |    34 ||   229
       Mace              |       |       |    19 |       ||    19
       Unarmed           |       |       |     2 |       ||     2
       Lajatang          |       |       |     1 |       ||     1
       Great sword       |       |       |       |     4 ||     4
 Fire: Hunting sling     |       |     8 |       |       ||     8
       Shortbow          |       |       |     3 |     3 ||     6
Throw: Tomahawk          |     1 |     1 |       |     2 ||     4
 Cast: Shroud of Golubri |     5 |    10 |    16 |     1 ||    32
       Blink             |       |       |       |     2 ||     2
Evoke: Wand              |       |       |     2 |     2 ||     4
  Use: Scroll            |     1 |    11 |     5 |       ||    17
       Potion            |     1 |     6 |     2 |     3 ||    12
 Stab: Sleeping          |     1 |       |     1 |       ||     2
       Distracted        |       |       |     1 |       ||     1
       Invisible         |       |       |     1 |       ||     1
       Paralysed         |       |       |     1 |       ||     1
  Eat: Chunk             |     5 |     7 |    13 |     1 ||    26
       Beef jerky        |       |     1 |       |       ||     1
       Pizza             |       |       |     1 |       ||     1
       Meat ration       |       |       |       |     1 ||     1
Armor: Leather armour    |    24 |    38 |    48 |       ||   110
       Skin              |       |     6 |       |       ||     6
       Robe              |       |       |    54 |     5 ||    59
Dodge: Dodged            |   109 |   136 |   344 |    31 ||   620
       Rpst.: Falchion   |    36 |    54 |    47 |       ||   137
       Long sword        |       |       |    35 |     6 ||    41
       Great sword       |       |       |       |     3 ||     3
